 Dungeon Crawl Stone Soup version 0.20-a0-9-g62d82d9 (webtiles) character file.

54 esc the Shield-Bearer (level 3, 0/19 HPs)
             Began as a Vine Stalker Fighter on Nov 1, 2016.
             Slain by a gnoll
             ... wielding a +0 spear
              (6 damage)
             ... on level 2 of the Dungeon.
             The game lasted 00:04:13 (1282 turns).

esc the Shield-Bearer (Vine Stalker Fighter)        Turns: 1282, Time: 00:04:14

Health: 0/19       AC:  6    Str: 18    XL:     3   Next: 91%
Magic:  0/4        EV:  7    Int:  8    God:
Gold:   27         SH:  9    Dex: 14    Spells: 0 memorised, 2 levels left

rFire  . . .     SeeInvis .       - Unarmed
rCold  . . .     Gourm    .     a - +0 scale mail
rNeg   . . .     Faith    .     b - +0 shield
rPois  .         Spirit   +     (no helmet)
rElec  .         Reflect  .     (no cloak)
rCorr  .         Harm     .     (no gloves)
MR     .....                    (no boots)
Stlth  ..........               (no amulet)
                                (no ring)
                                k - +1 ring of slaying

@: lethally poisoned (0 -> -7)
A: fangs 2, magic shield, antimagic bite, no device heal 3, rot immunity
a: no special abilities


You were on level 2 of the Dungeon.
You were not hungry.

You visited 1 branch of the dungeon, and saw 2 of its levels.

You collected 27 gold pieces.

Inventory:

Hand Weapons
 e - a +0 club
   (You took it off a goblin on level 1 of the Dungeon)
 f - a +0 dagger
   (You took it off a kobold on level 1 of the Dungeon)
 h - a +0 whip
   (You found it on level 1 of the Dungeon)
 i - a +0 dagger
   (You took it off a kobold on level 2 of the Dungeon)
 l - a +0 club
   (You took it off a hobgoblin on level 1 of the Dungeon)
 m - a +0 dagger
   (You took it off a goblin on level 1 of the Dungeon)
 n - a +0 club
   (You took it off a goblin on level 1 of the Dungeon)
 p - a +0 dagger
   (You found it on level 2 of the Dungeon)
 q - a +0 whip
   (You found it on level 2 of the Dungeon)
 r - a +0 club
   (You took it off a hobgoblin on level 2 of the Dungeon)
 s - a +0 rapier
   (You found it on level 2 of the Dungeon)
Missiles
 o - 2 stones (quivered)
Armour
 a - a +0 scale mail (worn)
 b - a +0 shield (worn)
Jewellery
 k - a +1 ring of slaying (left hand)
   (You found it on level 2 of the Dungeon)
Scrolls
 j - a scroll of fear {unknown}
Potions
 c - a potion of might
Comestibles
 d - a bread ration {@e1}
 g - a meat ration {@e2}
 t - 2 chunks of flesh {@w0}


   Skills:
 + Level 2.9 Fighting
 + Level 3.0 Armour
 + Level 3.1 Shields
 + Level 2.7 Unarmed Combat


You had 2 spell levels left.
You didn't know any spells.

Dungeon Overview and Level Annotations

Branches:
Dungeon (2/15)

Altars:


Innate Abilities, Weirdness & Mutations

You have extremely sharp teeth.
When hurt, damage is shared between your health and your magic reserves.
Your bite disrupts and absorbs the magic of your enemies.
Potions and wands cannot restore your health.
You are immune to rotting.


Message History

Health restored: 19 You are feeling very hungry.
i - a dagger;
o - 2 stones (gained 1)
You see here a bat skeleton.
k - a tubular brass ring Put on which piece of jewellery? (? for menu, Esc to quit)
k - a +1 ring of slaying (left hand)
p - a dagger
Found a stone staircase leading up.
q - a whip A kobold comes into view.
The kobold shouts!
A ball python comes into view.
The ball python hisses angrily.
A hobgoblin comes into view. It is wielding a club.
You hit the kobold but do no damage. You bite the kobold, but do no damage.
You block the kobold's attack.
You hit the kobold.
You kill the kobold!
You hit the ball python. You block the ball python's attack.
The ball python grabs you. The ball python constricts you.
The hobgoblin hits you but does no damage.
The ball python barely misses you. The ball python constricts you.
You punch the ball python!
You kill the ball python!
You block the hobgoblin's attack.
You hit the hobgoblin. You bite the hobgoblin. You drain its power.
The hobgoblin hits you with a club.
You take 1 damage, and have 18/19 hp.
You barely miss the hobgoblin. Your bite misses the hobgoblin.
The hobgoblin closely misses you.
You closely miss the hobgoblin. The hobgoblin hits you with a club.
You take 2 damage, and have 16/19 hp.
You now have 3/4 mp.
You hit the hobgoblin.
You kill the hobgoblin!
No target in view!
No target in view!
r - a club;
s - a rapier You see here a hobgoblin corpse.
You butcher the hobgoblin corpse.
t - 3 chunks of flesh {@w0} There isn't anything here!
Eating one of 3 chunks of flesh {@w0}.
You start eating one of the 3 chunks of flesh {@w0}.
A rat comes into view.
The rat bites you.
You take 2 damage, and have 14/19 hp.
You hit the rat.
You kill the rat!
No target in view!
No target in view!
An adder comes into view.
Found a stone staircase leading down.
You see here a rat corpse.
You butcher the rat corpse.
You see here a chunk of flesh {@w0}.
An adder is nearby!
A gnoll comes into view. It is wielding a spear.
The gnoll shouts!
A gnoll comes into view. It is wielding a whip.
The adder completely misses you.
You hit the adder. You block the adder's attack.
You hit the adder. You bite the adder. You drain its power.
You feel invigorated. The adder bites you. The adder barely misses you.
You miss the adder. The adder bites you but does no damage.
You take 2 damage, and have 13/19 hp.
MP restored: 4 You miss the adder.
The gnoll shouts!
The adder bites you but does no damage. 2 gnolls come into view.
You miss the adder.
The gnoll shouts! x2
You bite the adder, but do no damage. The adder bites you.
You are poisoned.
The adder poisons you!
The gnoll moves out of view.
You block the gnoll's attack.
A giant cockroach comes into view.
You take 1 damage, and have 12/19 hp.
Unknown command.
You hit the adder but do no damage. Your bite misses the adder.
You feel sick. You block the adder's attack. The gnoll barely misses you.
You block the adder's attack.
You take 1 damage, and have 11/19 hp.
You hit the adder.
You feel sick.
The gnoll hits you from afar with a spear.
You block the adder's attack.
The giant cockroach waves its antennae.
You take 2 damage, and have 9/19 hp.
You barely miss the adder. The adder bites you. You block the gnoll's attack.
You take 2 damage, and have 7/19 hp.
You now have 3/4 mp.
You closely miss the adder. Your bite misses the adder.
You block the adder's attack. You block the gnoll's attack.
You hit the adder.
You kill the adder!
Your Armour skill increases to level 3!
You feel sick. The gnoll barely misses you.
The gnoll hits you from afar with a spear!
You die...

#.####.... ..........g#
## #.....
........#g.##.. #.....
(.............# ###.....
.....>........###.......
........#....<##........
.......g#.#).......##...
#..).sg#g#.............
#.@...........#....
#...%.......#..#...
#....#....#.##.#...
#....#..#......#...
.......#.............
......................
...#.....#.......##...
##.##.#..........# ... #
....##.......# ...


You could see 3 gnolls and a giant cockroach.

Vanquished Creatures
  2 adders (D:2)
  A dart slug (D:1)
  9 bats
  A giant cockroach (D:1)
  3 goblins (D:1)
  4 hobgoblins
  3 jackals (D:1)
  4 kobolds
  A ball python (D:2)
  2 frilled lizards
  3 rats
33 creatures vanquished.

Notes
Turn   | Place    | Note
-------+----------+-------------------------------------------
     0 | D:1      | esc the Vine Stalker Fighter began the quest for the Orb.
     0 | D:1      | Reached XP level 1. HP: 11/11 MP: 2/2
    43 | D:1      | HP: 1/11 [giant cockroach (2)]
    45 | D:1      | Reached XP level 2. HP: 2/16 MP: 1/3
   564 | D:1      | Reached XP level 3. HP: 15/19 MP: 1/4
   907 | D:2      | Reached skill level 3 in Shields
   909 | D:2      | HP: 7/28 [poisoned by an adder]
   915 | D:2      | HP: 5/28 [poisoned by an adder]
   922 | D:2      | HP: 3/28 [poisoned by an adder]
   930 | D:2      | HP: 2/28 [poisoned by an adder]
  1282 | D:2      | Reached skill level 3 in Armour
  1282 | D:2      | Slain by a gnoll

Vault maps used:
D:1:      lightli_arrival_flooded_house

Skill      XL: |  1  2  3 |
---------------+----------+-----
Shields        | 3 |  3.1
Armour         | 3 |  3.0
Fighting       | |  2.9
Unarmed Combat | |  2.7

Action                   || total
-------------------------++-------
Melee: Unarmed           ||    96
       Bite              ||    25
  Use: Potion            ||     2
  Eat: Chunk             ||     1
Armor: Scale mail        ||    48
       Skin              ||     7
Dodge: Dodged            ||    26
Block: Shield            ||    59

Vault maps used:
D:1:      lightli_arrival_flooded_house

Table legend:
 A = Turns spent in this place as a percentage of turns spent in the entire game.
 B = Non-inter-level travel turns spent in this place as a percentage of non-inter-level travel turns spent in the entire game.
 C = Inter-level travel turns spent in this place as a percentage of turns spent in this place.
 D = Turns resting spent in this place as a percentage of non-inter-level travel turns spent in this place.
 E = Turns spent auto-exploring this place as a percentage of non-inter-level travel turns spent in this place.
 F = Non-inter-level travel turns spent in this place divided by the number of levels of this place that you've seen.
                   A       B       C       D       E      F
               +-------+-------+-------+-------+-------+----------------------
         Total | 100.0 | 100.0 |   0.3 |   3.5 |   9.4 | 143.5
       Dungeon | 100.0 | 100.0 |   0.3 |   3.5 |   9.4 | 143.5
               +-------+-------+-------+-------+-------+----------------------

Table legend:
 A = Kills in this place as a percentage of kills in entire the game.
 B = Kills by you in this place as a percentage of kills by you in the entire game.
 C = Kills by friends in this place as a percentage of kills by friends in the entire game.
 D = Other kills in this place as a percentage of other kills in the entire game.
 E = Experience gained in this place as a percentage of experience gained in the entire game.
 F = Experience gained in this place divided by the number of levels of this place that you have seen.
                   A       B       C       D       E      F
               +-------+-------+-------+-------+-------+----------------------
         Total | 100.0 | 100.0 |  -nan |  -nan | 100.0 |  39.0
       Dungeon | 100.0 | 100.0 |  -nan |  -nan | 100.0 |  39.0
               +-------+-------+-------+-------+-------+----------------------
